 Dungeon Crawl Stone Soup version 0.27-a0-1308-gc08437e49b (webtiles) character file.

Game seed: 8264684662821295683

119 bilbop the Stinger (level 4, -1/41 HPs)
             Began as a Troll Venom Mage on June 18, 2021.
             Frozen to death by an endoplasm (5 damage)
             ... on level 4 of the Dungeon.
             The game lasted 00:14:30 (2459 turns).

bilbop the Stinger (Troll Venom Mage)               Turns: 2459, Time: 00:14:30

Health: -1/41      AC:  4    Str: 16    XL:     4   Next: 74%
Magic:  5/5        EV: 10    Int: 12    God:
Gold:   115        SH:  0    Dex: 10    Spells: 3/6 levels left

rFire    . . .     SeeInvis .     - Unarmed
rCold    . . .     Faith    .   (no shield)
rNeg     . . .     Spirit   .   a - +0 robe
rPois    .         Reflect  .   (helmet restricted)
rElec    .         Harm     .   (no cloak)
rCorr    .         Rampage  .   (gloves unavailable)
Will     .....                  (boots unavailable)
Stlth    ++........             (no amulet)
HPRegen  1.13/turn              (no ring)
MPRegen  0.09/turn              (no ring)

@: no status effects
A: large, unfitting armour, claws 3, regeneration 1, shaggy fur 1, tough skin 1
a: no special abilities


You were on level 4 of the Dungeon.
You visited 1 branch of the dungeon, and saw 4 of its levels.

You collected 115 gold pieces.

Inventory:

Armour
 a - a +0 robe (worn)
Scrolls
 b - a scroll of silence {unknown}
 g - a scroll of identify {unknown}
Potions
 c - a potion of haste {unknown}
 d - 2 potions of curing {unknown}
 e - a potion of heal wounds {unknown}
 f - a potion of flight {unknown}


   Skills:
 + Level 1.1 Fighting
 + Level 2.1 Dodging
 + Level 1.4 Stealth
 + Level 1.3 Unarmed Combat
 + Level 1.5 Spellcasting
 + Level 1.3 Transmutations
 + Level 2.6 Poison Magic


You had 3 spell levels left.
You knew the following spells:

 Your Spells              Type           Power      Damage    Failure   Level
a - Sting                 Tmut/Pois      20%        1d4       13%         1
b - Poisonous Vapours     Pois/Air       8%         N/A       26%         2

Your spell library contained the following spells:

 Spells                   Type           Power      Damage    Failure   Level
 Animate Skeleton         Necr           0%         N/A       28%         1
 Corona                   Hex            0%         N/A       28%         1
 Pain                     Necr           0%         1d4       28%         1
 Ensorcelled Hibernation  Hex/Ice        0%         N/A       41%         2
 Ignite Poison            Fire/Tmut/Pois 4%         N/A       45%         3
 Mephitic Cloud           Conj/Pois/Air  3%         N/A       52%         3
 Confusing Touch          Hex            0%         N/A       65%         3
 Dazzling Flash           Conj/Hex       0%         N/A       65%         3
 Tukima's Dance           Hex            0%         N/A       65%         3
 Vampiric Draining        Necr           0%         2d6       65%         3
 Olgreb's Toxic Radiance  Pois           7%         N/A       67%         4
 Animate Dead             Necr           0%         N/A       96%         4
 Agony                    Necr           0%         N/A       100%        5


Dungeon Overview and Level Annotations

Branches:
Dungeon (4/15)
 Temple: D:4-7

Altars:


Innate Abilities, Weirdness & Mutations

You are too large for most types of armour.
You have claws for hands.
Your natural rate of healing is unusually fast.
You are covered in fur. (AC +1)
You have tough skin. (AC +1)


Message History

You scratch the orc wizard.
The orc wizard is lightly wounded.
The orc hits you but does no damage. The orc hits you with a +0 flail.
* * * LOW HITPOINT WARNING * * *
The orc wizard hits you with a +0 dagger.
* * * LOW HITPOINT WARNING * * *
The orc hits you but does no damage. The orc barely misses you.
The orc wizard barely misses you.
You slide downwards.
The hatch slams shut behind you. 2 endoplasms come into view.
Found 17 gold pieces and a leather armour.
Found a stone staircase leading down.
You closely miss the orc wizard.
The endoplasm quivers.
The orc closely misses you. The orc barely misses you.
The orc wizard barely misses you. The endoplasm hits you.
* * * LOW HITPOINT WARNING * * *
You scratch the orc wizard.
The orc wizard is moderately wounded.
The orc hits you but does no damage. The orc barely misses you.
The orc wizard gestures wildly while chanting.
The orc wizard flickers and vanishes!
Deactivating autopickup; reactivate with Ctrl-A.
The endoplasm hits you but does no damage.
You scratch something. The orc hits you with a +0 club.
* * * LOW HITPOINT WARNING * * *
The orc hits you with a +0 flail.
* * * LOW HITPOINT WARNING * * *
Something hits you but does no damage. The endoplasm barely misses you.
You claw the orc!
You kill the orc!
The endoplasm quivers.
The orc misses you. Something hits you but does no damage.
The endoplasm freezes you.
You are frozen.
* * * LOW HITPOINT WARNING * * *
The orc misses you. The endoplasm freezes you.
You are frozen.
You die...

################
.......o@.>....#
####..JJ.......
#.)..$....#.
#.........#
#.........#
#.........#
............
####.#[.#####
......


You could see an orc and 2 endoplasms.

Vanquished Creatures
  An orc priest (D:3)
  3 adders
  2 orcs
  9 endoplasms
  3 giant cockroaches (D:1)
  7 goblins
  4 hobgoblins
  5 quokkas
  7 ball pythons
  3 bats
  3 frilled lizards
  5 kobolds
  3 rats
55 creatures vanquished.

Notes
Turn   | Place    | Note
-------+----------+-------------------------------------------
     0 | D:1      | bilbop the Troll Venom Mage began the quest for the Orb.
     0 | D:1      | Reached XP level 1. HP: 16/16 MP: 1/1
   307 | D:1      | Reached XP level 2. HP: 23/24 MP: 0/2
   551 | D:1      | Found a faded altar of an unknown god.
  1247 | D:1      | Reached skill level 1 in Transmutations
  1247 | D:1      | Reached XP level 3. HP: 32/32 MP: 2/4
  1642 | D:1      | Upgraded the game from 0.27-a0-1301-g128193abf8 to
                  | 0.27-a0-1308-gc08437e49b
  1852 | D:2      | Reached skill level 1 in Unarmed Combat
  2185 | D:2      | Reached XP level 4. HP: 40/40 MP: 3/5
  2215 | D:2      | Learned a level 2 spell: Poisonous Vapours
  2359 | D:3      | Reached skill level 1 in Fighting
  2459 | D:4      | Frozen to death by an endoplasm

Illustrated notes

Levels and vault maps discovered:
D:1:      nagdon_arrival_double_spiral, layout_basic,
          shapermc_ecumenical_altar_notcrosses, minivault_14
D:2:      layout_basic
D:3:      layout_basic
D:4:      layout_basic, kennysheep_small_spiral, uniq_duvessa, uniq_sigmund,
          uniq_purgy

Skill      XL: |  1  2  3  4 |
---------------+-------------+-----
Transmutations | 1 |  1.3
Unarmed Combat | 1 |  1.3
Dodging        | 2 |  2.1
Fighting       | 1 |  1.1
Stealth        | |  1.4
Spellcasting   | |  1.5
Poison Magic   | |  2.6

Action                   |  1- 3 |  4- 6 || total
-------------------------+-------+-------++-------
Melee: Unarmed           |    98 |    35 ||   133
 Cast: Sting             |    38 |     2 ||    40
 Stab: Sleeping          |     1 |       ||     1
Armor: Robe              |    34 |    16 ||    50
Dodge: Dodged            |    61 |    28 ||    89

Table legend: (Time is in decaauts)
 A = Elapsed time spent in this place.
 B = Non-inter-level travel time spent in this place.
 C = Inter-level travel time spent in this place.
 D = Time resting spent in this place.
 E = Time spent auto-exploring this place.
 F = Levels seen in this place.
 G = Mean time per level.
                   A        B        C        D        E       F      G
               +--------+--------+--------+--------+--------+-----+--------+
         Total |   2457 |   2319 |    138 |     41 |   1903 |   4 |  614.2 |
       Dungeon |   2457 |   2319 |    138 |     41 |   1903 |   4 |  614.2 |
               +--------+--------+--------+--------+--------+-----+--------+

Top non-repeatable levels by time:
     D:1: 1643 daAuts
     D:2: 656 daAuts
     D:3: 151 daAuts
     D:4: 5 daAuts
